 Dungeon Crawl Stone Soup version 0.29.1-15-g9cfb28693d (webtiles) character file.

Game seed: 4520033978704472843

396 javelincjr the Trooper (level 7, -5/52 HPs)
             Began as a Djinni Conjurer on Mar 13, 2023.
             Slain by Ijyb
             ... wielding a +6 spectral club
              (8 damage)
             ... on level 4 of the Dungeon.
             The game lasted 00:14:05 (3638 turns).

javelincjr the Trooper (Djinni Conjurer)            Turns: 3638, Time: 00:14:05

Health: -5/52      AC:  3    Str:  8    XL:     7   Next: 9%
Gold:   199        EV: 13    Int: 20    God:
                   SH:  0    Dex: 11

rFire   + + .      SeeInvis .   q - +1 dagger (venom)
rCold   x . .      Faith    .   (no shield)
rNeg    . . .      Spirit   .   a - +0 robe
rPois   ∞          Reflect  .   (no helmet)
rElec   .          Harm     .   (no cloak)
rCorr   +          Rampage  .   m - +0 pair of gloves
Will    .....                   (boots unavailable)
Stlth   ++........              (no amulet)
HPRegen 0.17/turn               j - ring of resist corrosion
MPRegen 0.00/turn               (no ring)

@: flying
A: sickness immunity, fire resistance 2, cold vulnerability 1, float, innate
caster, HP casting, extra vitality 1
a: no special abilities


You were on level 4 of the Dungeon.
You visited 1 branch of the dungeon, and saw 4 of its levels.

You collected 235 gold pieces.
You spent 36 gold pieces at shops.

Inventory:

Hand Weapons
 e - a +1 dagger of speed
 q - a +1 dagger of venom (weapon)
Armour
 a - a +0 robe (worn)
 m - a +0 pair of gloves (worn)
Jewellery
 j - a ring of resist corrosion (left hand)
 o - an amulet of reflection
Wands
 f - a wand of mindburst (8)
 s - a wand of flame (3)
Scrolls
 b - 2 scrolls of teleportation {unknown}
 c - a scroll of immolation {unknown}
 d - a scroll of vulnerability {unknown}
 g - a scroll of noise {unknown}
 h - 5 scrolls of identify {unknown}
Potions
 i - a potion of berserk rage {unknown}
 k - a potion of brilliance {unknown}
 l - 3 potions of curing
 n - 3 potions of flight {unknown}
 p - a potion of lignification {unknown}
 r - 2 potions of invisibility {unknown}
 t - a potion of might {unknown}
 u - a potion of mutation {unknown}
 v - a potion of resistance {unknown}


   Skills:
 * Level 4.3 Fighting
 + Level 4.2 Dodging
 - Level 2.0 Stealth
 + Level 4.2 Spellcasting


You couldn't memorise any spells.
You knew the following spells:

 Your Spells              Type           Power      Damage    Failure   Level
a - Magic Dart            Conj           84%        1d7       2%          1
b - Searing Ray           Conj           42%        2d6       3%          2
c - Dazzling Flash        Conj/Hex       42%        N/A       7%          3
d - Fulminant Prism       Conj/Hex       10%        3d9       22%         4
e - Iskenderun's Mystic   Conj/Tloc      21%        2d6       22%         4
f - Foxfire               Conj/Fire      84%        2x1d8     2%          1
g - Blink                 Tloc           42%        N/A       3%          2
h - Teleport Other        Tloc           21%        N/A       7%          3
Your spell library was empty.

Dungeon Overview and Level Annotations

Branches:
Dungeon (4/15)
 Temple: D:4-7

Altars:

Shops:
D:1 *   D:2 *

Annotations:
D:4 Ijyb


Innate Abilities, Weirdness & Mutations

You are immune to sickness and miasma.
You are immune to poison.
Your flesh is very heat resistant. (rF++)
You are vulnerable to cold. (rC-)
You float through the air rather than walking.
You learn spells naturally, not from books.
Your magical power is your life essence.
You have superior vitality. (+4 MHP)


Message History

Ijyb closely misses you.
Ijyb zaps a wand.
You suddenly lose the ability to move!
Ijyb hits you with a +6 spectral club!
Ijyb zaps a wand.
You easily resist.
Ijyb zaps a wand.
You easily resist.
You can move again.
Casting: Searing Ray (safe; 3% risk of failure)
Confirm with . or Enter, or press ? or * to list all spells.
Aiming: Searing Ray (safe; 3% risk of failure)
Press: ? - help, Shift-Dir - straight line, f/p - Ijyb
Aim: Ijyb, wielding a +6 spectral club, wearing a +0 scale mail and carrying a wand of paralysis (7) (heavily wounded, 75% to hit)
The searing ray hits Ijyb.
Ijyb is heavily wounded. (Press . to maintain the ray.) Ijyb barely misses you.
Your magical contamination has completely faded away.
The searing ray misses Ijyb.
Ijyb hits you with a +6 spectral club!
* * * LOW HITPOINT WARNING * * *
The searing ray hits Ijyb.
Ijyb is severely wounded.
* * * LOW HITPOINT WARNING * * *
A hound comes into view.
Ijyb hits you with a +6 spectral club!
* * * LOW HITPOINT WARNING * * *
The searing ray misses Ijyb.
* * * LOW HITPOINT WARNING * * *
You finish channelling your searing ray.
The hound barks!
Ijyb zaps a wand.
You suddenly lose the ability to move!
Ijyb screams, "I cut your head off!" Ijyb hits you with a +6 spectral club.
* * * LOW HITPOINT WARNING * * *
You can move again.
Aiming: Throw Flame
Press: ? - help, Q - select action, (/) - cycle Shift-Dir - straight line, f/p - Ijyb
Aim: Ijyb, wielding a +6 spectral club, wearing a +0 scale mail and carrying a wand of paralysis (6) (severely wounded, 64% to hit)
The puff of flame hits Ijyb but does no damage.
Ijyb is severely wounded.
Ijyb hits you with a +6 spectral club!
You die...

...## ..#### ...
.###.# ... )##.##
... ...## #.#
..#.## #.#
.....#### #h#
..#.#.#.## #g#
.......#.# #@#
#.#.####.# #.#
....# #.# #.#
....####.#######.#
.........#.......#
....######.#######
....# #.#
#.#.######.#
...........#


You could see Ijyb and a hound.

Vanquished Creatures
  Sigmund (D:4)
  A scorpion (D:2)
  2 orc priests (D:3)
  3 adders
  2 worms
  A dart slug (D:3)
  2 orcs (D:3)
  5 ball pythons
  5 endoplasms
  6 giant cockroaches
  6 goblins
  7 hobgoblins
  2 jackals (D:3)
  12 kobolds
  2 quokkas (D:1)
  7 bats
  3 frilled lizards
  5 rats
72 creatures vanquished.

Vanquished Creatures (others)
  2 fulminant prisms
  6 fungi (D:2)
  6 plants (D:2)
14 creatures vanquished.

Grand Total: 86 creatures vanquished

Notes
Turn   | Place    | Note
-------+----------+-------------------------------------------
     0 | D:1      | javelincjr the Djinni Conjurer began the quest for the Orb.
     0 | D:1      | javelincjr set off with the following spells memorised:
                  | Magic Dart, Searing Ray, Dazzling Flash, Fulminant Prism,
                  | Iskenderun's Mystic Blast.
     0 | D:1      | Reached XP level 1. HP: 15/15 MP: 0/0
   132 | D:1      | Reached XP level 2. HP: 14/21 MP: 0/0
   301 | D:1      | Found Evuep's General Store.
   731 | D:1      | Reached XP level 3. HP: 19/26 MP: 0/0
   731 | D:1      | Learned a level 1 spell: Foxfire
   758 | D:1      | Reached skill level 1 in Fighting
  1539 | D:2      | Found Xojoala's General Store.
  1542 | D:2      | Bought a potion of curing for 36 gold pieces
  1896 | D:2      | Found a faded altar of an unknown god.
  1980 | D:2      | Noticed a scorpion
  1985 | D:2      | Killed a scorpion
  1986 | D:2      | Reached XP level 4. HP: 28/34 MP: 0/0
  1986 | D:2      | Reached XP level 5. HP: 32/39 MP: 0/0
  1986 | D:2      | Learned a level 2 spell: Blink
  2890 | D:3      | Reached XP level 6. HP: 19/46 MP: 0/0
  3357 | D:4      | Noticed Sigmund
  3366 | D:4      | Killed Sigmund
  3367 | D:4      | Reached XP level 7. HP: 27/52 MP: 0/0
  3367 | D:4      | Learned a level 3 spell: Teleport Other
  3617 | D:4      | Noticed Ijyb
  3629 | D:4      | Paralysed by Ijyb for 4 turns
  3636 | D:4      | Paralysed by Ijyb for 2 turns
  3638 | D:4      | Slain by Ijyb

Illustrated notes

Levels and vault maps discovered:
D:1:      dpeg_arrival_windows_large_door, layout_loops_ring, serial_shops,
          nicolae_shop_waterfront
D:2:      layout_basic, serial_shops, nicolae_shop_behind_doors,
          shapermc_ecumenical_altar_mp_urbaneastern, serial_corexii_hall,
          corexii_hall_statues_s, chequers_hall_statues_y,
          corexii_hall_statues_u
D:3:      layout_basic
D:4:      layout_loops_ring, makhleb_blood_cavern_becter,
          chequers_serial_rivers_small_a, uniq_sigmund, uniq_ijyb

Skill      XL: |  1  2  3  4  5  6 |
---------------+-------------------+-----
Stealth        | 2 |  2.0
Fighting       | 2 3 4 |  4.3
Dodging        | 3 4 |  4.2
Spellcasting   | 4 |  4.2

Action                   |  1- 3 |  4- 6 |  7- 9 || total
-------------------------+-------+-------+-------++-------
Melee: Dagger            |    19 |     1 |       ||    20
 Cast: Magic Dart        |    58 |    37 |     4 ||    99
       Searing Ray       |     9 |     9 |     4 ||    22
       Fulminant Prism   |       |     2 |       ||     2
Evoke: Wand              |       |       |     1 ||     1
  Use: Potion            |     1 |     1 |       ||     2
Armor: Robe              |     4 |     2 |       ||     6
Dodge: Dodged            |     8 |     7 |     4 ||    19
